 Dungeon Crawl Stone Soup version 0.28-a0-589-g333b8329f1 (webtiles) character file.

Game seed: 7138355645684056849

64 iamoutofideas the Chopper (level 4, -1/38 HPs)
             Began as a Hill Orc Gladiator on Oct 4, 2021.
             Slain by a gnoll (5 damage)
             ... on level 2 of the Dungeon.
             The game lasted 00:01:21 (1367 turns).

iamoutofideas the Chopper (Hill Orc Gladiator)      Turns: 1367, Time: 00:01:21

Health: -1/38      AC:  4    Str: 17    XL:     4   Next: 12%
Magic:  4/4        EV: 12    Int:  8    God:
Gold:   89         SH:  0    Dex: 12    Spells: 3/3 levels left

rFire   . . .      SeeInvis .   a - +0 war axe
rCold   . . .      Faith    .   (no shield)
rNeg    . . .      Spirit   .   b - +0 leather armour
rPois   +          Reflect  .   c - +0 helmet
rElec   .          Harm     .   (no cloak)
rCorr   +          Rampage  .   (no gloves)
Will    .....                   (no boots)
Stlth   +.........              (no amulet)
HPRegen 0.12/turn               e - ring of resist corrosion
MPRegen 0.09/turn               l - ring of poison resistance

@: no status effects
A: no striking features
a: no special abilities


You were on level 2 of the Dungeon.
You visited 1 branch of the dungeon, and saw 2 of its levels.

You collected 89 gold pieces.

Inventory:

Hand Weapons
 a - a +0 war axe (weapon)
Missiles
 d - 3 throwing nets (quivered)
Armour
 b - a +0 leather armour (worn)
 c - a +0 helmet (worn)
Jewellery
 e - a ring of resist corrosion (left hand)
 l - a ring of poison resistance (right hand)
Scrolls
 h - a scroll of blinking {unknown}
 i - 2 scrolls of teleportation {unknown}
 j - 3 scrolls of holy word {unknown}
Potions
 g - a potion of brilliance {unknown}
 k - a potion of attraction {unknown}


   Skills:
 + Level 3.0 Fighting
 * Level 5.5 Axes
 - Level 1.8 Throwing
 - Level 0.4 Armour
 - Level 2.8 Dodging


You had 3 spell levels left.
You didn't know any spells.
Your spell library was empty.

Dungeon Overview and Level Annotations

Branches:
Dungeon (2/15)

Altars:

Shops:
D:1 =


Message History

Things that are here:
a +0 flail; a gnoll corpse A gnoll is nearby!
There is a stone staircase leading up here.
You climb upwards.
There is a stone staircase leading down here.
You start resting.
HP restored.
You climb downwards.
A gnoll comes into view. It is wielding a +0 spear.
There is a stone staircase leading up here.
The gnoll hits you with a +0 halberd.
You hit the gnoll.
The gnoll is lightly wounded.
The gnoll barely misses you.
You slash the gnoll!
The gnoll is severely wounded.
The gnoll misses you.
You hit the gnoll but do no damage.
The gnoll is severely wounded.
The gnoll hits you with a +0 halberd!
You slash the gnoll!
You kill the gnoll!
You have reached level 4!
A gnoll comes into view. It is wielding a +0 club.
The gnoll shouts! x2
The gnoll hits you with a +0 spear.
There is a stone staircase leading up here.
You hit the gnoll but do no damage. You barely miss the gnoll.
The gnoll closely misses you.
You slash the gnoll!
The gnoll is heavily wounded.
The gnoll barely misses you.
The gnoll hits you from afar with a +0 spear.
* * * LOW HITPOINT WARNING * * *
Unknown command.
The gnoll hits you with a +0 club.
* * * LOW HITPOINT WARNING * * *
The gnoll hits you from afar with a +0 spear.
You die...

### ##.##########
##...#..).@g.#
##......#####g#####
##.......###.......#
#....#.g.....#.###.#
##.......#...#.###.##
##......#..........#
##...#.......###..#
########.######.#####..#
#...........# #>.......#


You could see 2 gnolls.

Vanquished Creatures
  3 gnolls
  A dart slug (D:1)
  A giant cockroach (D:1)
  4 goblins (D:1)
  2 hobgoblins (D:1)
  4 jackals (D:1)
  2 quokkas (D:1)
  2 ball pythons
  4 bats (D:1)
  A frilled lizard (D:2)
  6 kobolds (D:1)
  3 rats (D:1)
33 creatures vanquished.

Notes
Turn   | Place    | Note
-------+----------+-------------------------------------------
     0 | D:1      | iamoutofideas the Hill Orc Gladiator began the quest for
                  | the Orb.
     0 | D:1      | Reached XP level 1. HP: 18/18 MP: 1/1
    10 | D:1      | Found a faded altar of an unknown god.
   195 | D:1      | Reached XP level 2. HP: 16/25 MP: 2/2
   439 | D:1      | Reached XP level 3. HP: 27/30 MP: 3/3
   676 | D:1      | Found Neibeint's Jewellery Emporium.
   803 | D:1      | Reached skill level 5 in Axes
  1363 | D:2      | Reached XP level 4. HP: 18/38 MP: 4/4
  1367 | D:2      | Slain by a gnoll

Illustrated notes

Levels and vault maps discovered:
D:1:      minmay_arrival_up_and_down, layout_rooms,
          ebering_ecumenical_altar_rust, serial_shops, shop_fountains,
          chequers_serial_rivers_micro_e
D:2:      layout_loops_cross, chequers_serial_rivers_small_b,
          wander_ebering_terrifying_dragon_lair

Skill      XL: |  1  2  3 |
---------------+----------+-----
Axes           | 5 |  5.5
Fighting       | 3 |  3.0
Throwing       | |  1.8
Armour         | |  0.4
Dodging        | |  2.8

Action                   |  1- 3 |  4- 6 || total
-------------------------+-------+-------++-------
Melee: War axe           |    72 |     3 ||    75
  Use: Potion            |     1 |       ||     1
Armor: Leather armour    |    29 |       ||    29
Dodge: Dodged            |    66 |     2 ||    68

Table legend: (Time is in decaauts)
 A = Elapsed time spent in this place.
 B = Non-inter-level travel time spent in this place.
 C = Inter-level travel time spent in this place.
 D = Time resting spent in this place.
 E = Time spent auto-exploring this place.
 F = Levels seen in this place.
 G = Mean time per level.
                   A        B        C        D        E       F      G
               +--------+--------+--------+--------+--------+-----+--------+
         Total |   1387 |   1339 |     48 |    364 |    762 |   2 |  693.5 |
       Dungeon |   1387 |   1339 |     48 |    364 |    762 |   2 |  693.5 |
               +--------+--------+--------+--------+--------+-----+--------+

Top non-repeatable levels by time:
     D:1: 1176 daAuts
     D:2: 210 daAuts
